| TOP OF THE 1ST |
|
University of Georgia Bulldogs batting - Pitching for University of Virginia Cavaliers : LHP Juan Quiroz
|
|
Pitching: LHP Juan Quiroz
|
|
|
Batting: LHB Sloan Rayner
|
0-0: Called Strike 0-1: Ball 1-1: Foul Ball, location: 2F 1-2: Ball 2-2: Strikes out swinging
|
|
Batting: RHB James Warby
|
0-0: Ball 1-0: Swinging Strike 1-1: Ball 2-1: Foul Ball, location: 2F 2-2: Strikes out looking
|
|
Batting: LHB Cole Sanchez
|
0-0: Foul Ball, location: 2F 0-1: Swinging Strike 0-2: Foul Ball, location: 2F 0-2: Ball 1-2: SINGLE (Groundball, 6S, EV 98.8 MPH)
|
|
Batting: LHB Milton Yeo
|
0-0: Swinging Strike 0-1: Ball 1-1: Ball 2-1: SINGLE (Groundball, 6M, EV 96.9 MPH) Cole Sanchez to second Runner from 2nd tries for 3rd, SAFE, no throw by CF
|
|
Batting: RHB Joe Strong
|
0-0: Foul Ball, location: 2F 0-1: Fly out, F6 (Flyball, 56D, EV 84.4 MPH)
|
| Top of the 1st over - 0 runs, 2 hits, 0 errors, 2 left on base; University of Georgia 0 - University of Virginia 0 |
| BOTTOM OF THE 1ST |
|
University of Virginia Cavaliers batting - Pitching for University of Georgia Bulldogs : RHP Bob Vetrano
|
|
Pitching: RHP Bob Vetrano
|
|
|
Batting: SHB Ethan Lewis
|
0-0: Ball 1-0: Called Strike 1-1: Called Strike 1-2: Strikes out swinging
|
|
Batting: LHB Edelberto Barbas
|
0-0: Called Strike 0-1: Foul Ball, location: 2F 0-2: Ball 1-2: SOLO HOME RUN (Flyball, 89XD, EV 105.6 MPH), Distance : 422 ft
|
|
Batting: LHB Ray Nichter
|
0-0: Ball 1-0: Called Strike 1-1: Swinging Strike 1-2: Ball 2-2: Foul Ball, location: 2F 2-2: Strikes out swinging
|
|
Batting: RHB Rob Coble
|
0-0: Fly out, F2 (Popup, 3SF, EV 78.1 MPH)
|
| Bottom of the 1st over - 1 run, 1 hit, 0 errors, 0 left on base; University of Georgia 0 - University of Virginia 1 |
| TOP OF THE 2ND |
|
University of Georgia Bulldogs batting - Pitching for University of Virginia Cavaliers : LHP Juan Quiroz
|
|
Batting: LHB Andy Dyer
|
0-0: Ball 1-0: Ball 2-0: Called Strike 2-1: Ball 3-1: Foul Ball, location: 2F 3-2: Strikes out swinging, 2-3 out at first.
|
|
Batting: LHB Luis Mejia
|
0-0: Called Strike 0-1: Foul Ball, location: 2F 0-2: Ball 1-2: Ball 2-2: Foul Ball, location: 2F 2-2: SINGLE (Groundball, 34D, EV 96.2 MPH)
|
|
Batting: RHB Ed Howard
|
0-0: Fielders Choice at 2nd, 6-4 (Groundball, 6, EV 81.9 MPH)
|
|
Batting: LHB Bryan Ross
|
0-0: Ball 1-0: Called Strike 1-1: Foul Ball, location: 2F 1-2: Foul Ball, location: 2F 1-2: Fly out, F7 (Flyball, 78D, EV 90.0 MPH)
|
| Top of the 2nd over - 0 runs, 1 hit, 0 errors, 1 left on base; University of Georgia 0 - University of Virginia 1 |
| BOTTOM OF THE 2ND |
|
University of Virginia Cavaliers batting - Pitching for University of Georgia Bulldogs : RHP Bob Vetrano
|
|
Batting: RHB Jayden Johnson
|
0-0: Called Strike 0-1: Ground out 4-3 (Groundball, 4, EV 101.9 MPH)
|
|
Batting: RHB Leo Baxter
|
0-0: Ball 1-0: SINGLE (Line Drive, 8RS, EV 95.6 MPH)
|
|
Batting: RHB Allen McCaskill
|
0-0: Ball 1-0: Ball 2-0: Swinging Strike 2-1: Called Strike 2-2: Strikes out swinging
|
|
Batting: RHB Jason Thresher
|
0-0: Ball 1-0: Swinging Strike 1-1: Foul Ball, location: 2F 1-2: Strikes out swinging
|
| Bottom of the 2nd over - 0 runs, 1 hit, 0 errors, 1 left on base; University of Georgia 0 - University of Virginia 1 |
| TOP OF THE 3RD |
|
University of Georgia Bulldogs batting - Pitching for University of Virginia Cavaliers : LHP Juan Quiroz
|
|
Batting: LHB Sloan Rayner
|
0-0: Foul Ball, location: 2F 0-1: Called Strike 0-2: Ball 1-2: Strikes out swinging
|
|
Batting: RHB James Warby
|
0-0: Foul Ball, location: 2F 0-1: Ball 1-1: Ball 2-1: Called Strike 2-2: Ball 3-2: Ground out 6-3 (Groundball, 6, EV 78.8 MPH)
|
|
Batting: LHB Cole Sanchez
|
0-0: Foul Ball, location: 2F 0-1: Called Strike 0-2: Strikes out swinging
|
| Top of the 3rd over - 0 runs, 0 hits, 0 errors, 0 left on base; University of Georgia 0 - University of Virginia 1 |
| BOTTOM OF THE 3RD |
|
University of Virginia Cavaliers batting - Pitching for University of Georgia Bulldogs : RHP Bob Vetrano
|
|
Batting: RHB Sean Carswell
|
0-0: Called Strike 0-1: Ball 1-1: Ball 2-1: Ground out 5-3 (Groundball, 56, EV 101.9 MPH)
|
|
Batting: SHB Ethan Lewis
|
0-0: Foul Ball, location: 2F 0-1: Swinging Strike 0-2: Ball 1-2: Ground out 1-3 (Groundball, 34S, EV 63.1 MPH)
|
|
Batting: LHB Edelberto Barbas
|
0-0: Ball 1-0: Ball 2-0: Called Strike 2-1: Foul Ball, location: 2F 2-2: Fly out, F7 (Flyball, 7, EV 93.1 MPH)
|
| Bottom of the 3rd over - 0 runs, 0 hits, 0 errors, 0 left on base; University of Georgia 0 - University of Virginia 1 |
| TOP OF THE 4TH |
|
University of Georgia Bulldogs batting - Pitching for University of Virginia Cavaliers : LHP Juan Quiroz
|
|
Batting: LHB Milton Yeo
|
0-0: Foul Ball, location: 2F 0-1: Ball 1-1: Foul Ball, location: 2F 1-2: Ball 2-2: Fly out, F8 (Line Drive, 8LD, EV 106.9 MPH)
|
|
Batting: RHB Joe Strong
|
0-0: Ball 1-0: Ball 2-0: Foul Ball, location: 2F 2-1: Foul Ball, location: 2F 2-2: Ball 3-2: Base on Balls
|
|
Batting: LHB Andy Dyer
|
0-0: Ball 1-0: 2-RUN HOME RUN (Flyball, 8RXD, EV 116.2 MPH), Distance : 457 ft
|
|
Batting: LHB Luis Mejia
|
0-0: Called Strike 0-1: Called Strike 0-2: Ball 1-2: Ground out 2-3 (Groundball, 2R, EV 69.4 MPH)
|
|
Batting: RHB Ed Howard
|
0-0: Ball 1-0: Called Strike 1-1: Foul Ball, location: 2F 1-2: Ball 2-2: Foul Ball, location: 2F 2-2: Ground out 4-3 (Groundball, 4, EV 110.0 MPH)
|
| Top of the 4th over - 2 runs, 1 hit, 0 errors, 0 left on base; University of Georgia 2 - University of Virginia 1 |
| BOTTOM OF THE 4TH |
|
University of Virginia Cavaliers batting - Pitching for University of Georgia Bulldogs : RHP Bob Vetrano
|
|
Batting: LHB Ray Nichter
|
0-0: Called Strike 0-1: Ball 1-1: Ball 2-1: Foul Ball, location: 2F 2-2: Strikes out swinging
|
|
Batting: RHB Rob Coble
|
0-0: Called Strike 0-1: Foul Ball, location: 2F 0-2: Foul Ball, location: 2F 0-2: Ball 1-2: Ball 2-2: Strikes out swinging
|
|
Batting: RHB Jayden Johnson
|
0-0: Ball 1-0: DOUBLE (Groundball, 5L, EV 107.5 MPH)
|
|
Batting: RHB Leo Baxter
|
0-0: Swinging Strike 0-1: Foul Ball, location: 2F 0-2: Ball 1-2: Ball 2-2: Foul Ball, location: 2F 2-2: Ball 3-2: Foul Ball, location: 2F 3-2: Foul Ball, location: 2F 3-2: Strikes out swinging
|
| Bottom of the 4th over - 0 runs, 1 hit, 0 errors, 1 left on base; University of Georgia 2 - University of Virginia 1 |
| TOP OF THE 5TH |
|
University of Georgia Bulldogs batting - Pitching for University of Virginia Cavaliers : LHP Juan Quiroz
|
|
Batting: LHB Bryan Ross
|
0-0: Ball 1-0: Ball 2-0: Ball 3-0: Foul Ball, location: 2F 3-1: Base on Balls
|
|
Pitching: RHP Brian Ryan
|
|
|
Batting: LHB Sloan Rayner
|
0-0: Ball 1-0: Foul Ball, location: 2F 1-1: Swinging Strike 1-2: Ball 2-2: Fly out, F4 (Line Drive, 4MD, EV 71.2 MPH)
|
|
Batting: RHB James Warby
|
0-0: Ball Bryan Ross is caught stealing 2nd base 2-4 1-0: Called Strike 1-1: Called Strike 1-2: Strikes out looking
|
| Top of the 5th over - 0 runs, 0 hits, 0 errors, 0 left on base; University of Georgia 2 - University of Virginia 1 |
| BOTTOM OF THE 5TH |
|
University of Virginia Cavaliers batting - Pitching for University of Georgia Bulldogs : RHP Bob Vetrano
|
|
Batting: RHB Allen McCaskill
|
0-0: Ground out 6-3 (Groundball, 6, EV 88.8 MPH)
|
|
Batting: RHB Jason Thresher
|
0-0: Called Strike 0-1: Swinging Strike 0-2: Ball 1-2: Foul Ball, location: 2F 1-2: Strikes out swinging
|
|
Batting: RHB Sean Carswell
|
0-0: Foul Ball, location: 2F 0-1: Ball 1-1: Foul Ball, location: 2F 1-2: Strikes out swinging
|
| Bottom of the 5th over - 0 runs, 0 hits, 0 errors, 0 left on base; University of Georgia 2 - University of Virginia 1 |
| TOP OF THE 6TH |
|
University of Georgia Bulldogs batting - Pitching for University of Virginia Cavaliers : RHP Brian Ryan
|
|
Batting: LHB Cole Sanchez
|
0-0: Swinging Strike 0-1: Reached on error, E4 (Groundball, 4, EV 103.1 MPH)
|
|
Batting: LHB Milton Yeo
|
0-0: Ground out 4-3 (Groundball, 13, EV 84.4 MPH) Cole Sanchez to second
|
|
Batting: RHB Joe Strong
|
0-0: Called Strike 0-1: Ball 1-1: Ball Cole Sanchez steals 3rd base 2-1: Ball 3-1: DOUBLE (Groundball, 5L, EV 108.1 MPH) Cole Sanchez scores
|
|
Batting: LHB Andy Dyer
|
0-0: Ball 1-0: Foul Ball, location: 2F 1-1: Called Strike 1-2: Strikes out looking
|
|
Batting: LHB Luis Mejia
|
0-0: Called Strike 0-1: Foul Ball, location: 2F 0-2: Strikes out swinging
|
| Top of the 6th over - 1 run, 1 hit, 1 error, 1 left on base; University of Georgia 3 - University of Virginia 1 |
| BOTTOM OF THE 6TH |
|
University of Virginia Cavaliers batting - Pitching for University of Georgia Bulldogs : RHP Bob Vetrano
|
|
Batting: SHB Ethan Lewis
|
0-0: Ball 1-0: Swinging Strike 1-1: Ground out U3 (Groundball, 3, EV 81.2 MPH)
|
|
Batting: LHB Edelberto Barbas
|
0-0: Ball 1-0: Swinging Strike 1-1: Ball 2-1: Foul Ball, location: 2F 2-2: Ball 3-2: Strikes out swinging
|
|
Batting: LHB Ray Nichter
|
0-0: Called Strike 0-1: Ball 1-1: Foul Ball, location: 2F 1-2: Foul Ball, location: 2F 1-2: Foul Ball, location: 2F 1-2: Foul Ball, location: 2F 1-2: Foul Ball, location: 2F 1-2: SINGLE (Flyball, 9LS, EV 86.9 MPH)
|
|
Pitching: LHP Marty Sadler
|
|
|
Batting: RHB Rob Coble
|
0-0: Fielders Choice at 2nd, 6-4 (Groundball, 6, EV 83.8 MPH)
|
| Bottom of the 6th over - 0 runs, 1 hit, 0 errors, 1 left on base; University of Georgia 3 - University of Virginia 1 |
| TOP OF THE 7TH |
|
University of Georgia Bulldogs batting - Pitching for University of Virginia Cavaliers : RHP Brian Ryan
|
|
Batting: RHB Ed Howard
|
0-0: Ground out 5-3 (Groundball, 5, EV 91.9 MPH)
|
|
Batting: LHB Bryan Ross
|
0-0: Called Strike 0-1: Ball 1-1: Ball 2-1: Ground out U3 (Groundball, 34S, EV 79.4 MPH)
|
|
Batting: LHB Sloan Rayner
|
0-0: Ball 1-0: Foul Ball, location: 2F 1-1: Foul Ball, location: 2F 1-2: Ball 2-2: Foul Ball, location: 2F 2-2: Foul Ball, location: 2F 2-2: Foul Ball, location: 2F 2-2: Ball 3-2: Foul Ball, location: 2F 3-2: Foul Ball, location: 2F 3-2: Strikes out swinging
|
| Top of the 7th over - 0 runs, 0 hits, 0 errors, 0 left on base; University of Georgia 3 - University of Virginia 1 |
| BOTTOM OF THE 7TH |
|
University of Virginia Cavaliers batting - Pitching for University of Georgia Bulldogs : LHP Marty Sadler
|
|
Batting: RHB Jayden Johnson
|
0-0: Fly out, F8 (Flyball, 78D, EV 100.6 MPH)
|
|
Batting: RHB Leo Baxter
|
0-0: Ball 1-0: Called Strike 1-1: Ball 2-1: Ground out 6-3 (Groundball, 6, EV 79.4 MPH)
|
|
Batting: RHB Allen McCaskill
|
0-0: Swinging Strike 0-1: Swinging Strike 0-2: Ball 1-2: Strikes out swinging
|
| Bottom of the 7th over - 0 runs, 0 hits, 0 errors, 0 left on base; University of Georgia 3 - University of Virginia 1 |
| TOP OF THE 8TH |
|
University of Georgia Bulldogs batting - Pitching for University of Virginia Cavaliers : RHP Brian Ryan
|
|
Pitching: RHP Ruud van der Meulen
|
|
|
Batting: RHB James Warby
|
0-0: Called Strike 0-1: Called Strike 0-2: Ball 1-2: Strikes out swinging
|
|
Batting: LHB Cole Sanchez
|
0-0: Ball 1-0: Called Strike 1-1: DOUBLE (Groundball, 5D, EV 96.2 MPH)
|
|
Batting: LHB Milton Yeo
|
0-0: Called Strike 0-1: Ball 1-1: Called Strike 1-2: Foul Ball, location: 2F 1-2: Foul Ball, location: 2F 1-2: Ball 2-2: Strikes out swinging
|
|
Batting: RHB Joe Strong
|
0-0: Foul Ball, location: 2F 0-1: Foul Ball, location: 2F 0-2: Foul Ball, location: 2F 0-2: Strikes out swinging
|
| Top of the 8th over - 0 runs, 1 hit, 0 errors, 1 left on base; University of Georgia 3 - University of Virginia 1 |
| BOTTOM OF THE 8TH |
|
University of Virginia Cavaliers batting - Pitching for University of Georgia Bulldogs : LHP Marty Sadler
|
|
Pitching: LHP Andres Caceres
|
|
|
Batting: RHB Jason Thresher
|
0-0: Ball 1-0: Ball 2-0: Hit by Pitch
|
|
Batting: RHB Sean Carswell
|
0-0: Called Strike 0-1: Ball 1-1: Foul Ball, location: 2F 1-2: Ball 2-2: Ball 3-2: Base on Balls Jason Thresher to second
|
|
Pinch Hitting: RHB Scott Anderson
|
0-0: Called Strike 0-1: SINGLE (Line Drive, 9S, EV 104.4 MPH) Jason Thresher to third Sean Carswell to second
|
|
Batting: LHB Edelberto Barbas
|
0-0: Ball 1-0: Ball 2-0: Ball 3-0: Base on Balls Jason Thresher scores Sean Carswell to third Scott Anderson to second
|
|
Batting: LHB Ray Nichter
|
0-0: Called Strike 0-1: Swinging Strike 0-2: Strikes out swinging
|
|
Batting: RHB Rob Coble
|
0-0: Called Strike 0-1: SINGLE (Groundball, 6D, EV 98.1 MPH) Sean Carswell scores Scott Anderson to third Edelberto Barbas to second Runner from 3rd tries for Home, SAFE, throw by CF to home
|
|
Batting: RHB Jayden Johnson
|
0-0: Foul Ball, location: 2F 0-1: Ball 1-1: Fly out, F4 (Line Drive, 4, EV 70.0 MPH)
|
|
Pitching: LHP Danny Montoya
|
|
|
Batting: RHB Leo Baxter
|
0-0: Ball 1-0: Swinging Strike 1-1: Foul Ball, location: 2F 1-2: Strikes out looking
|
| Bottom of the 8th over - 3 runs, 2 hits, 0 errors, 2 left on base; University of Georgia 3 - University of Virginia 4 |
| TOP OF THE 9TH |
|
University of Georgia Bulldogs batting - Pitching for University of Virginia Cavaliers : RHP Ruud van der Meulen
|
|
Pitching: RHP Salvo Botticelli
|
|
|
Now in CF: Eustachio Bontempi
|
|
|
Batting: LHB Andy Dyer
|
0-0: Called Strike 0-1: Ball 1-1: Foul Ball, location: 2F 1-2: Ground out U3 (Groundball, 3, EV 78.1 MPH)
|
|
Batting: LHB Luis Mejia
|
0-0: Ball 1-0: Called Strike 1-1: Ball 2-1: Fly out, F7 (Flyball, 78D, EV 89.4 MPH)
|
|
Batting: RHB Ed Howard
|
0-0: Foul Ball, location: 2F 0-1: Ground out 4-3 (Groundball, 4MD, EV 104.4 MPH)
|
| Top of the 9th over - 0 runs, 0 hits, 0 errors, 0 left on base; University of Georgia 3 - University of Virginia 4 |
|